 Dungeon Crawl Stone Soup version 0.19.3-1-g3169bf9 (webtiles) character file.

53195 theAP the Warrior (level 14, 0/107 HPs)
             Began as a Gargoyle Fighter on Jan 24, 2017.
             Was the Champion of Nemelex Xobeh.
             Slain by a vampire mosquito (10 damage)
             ... on level 6 of the Lair of Beasts.
             The game lasted 01:03:52 (18488 turns).

theAP the Warrior (Gargoyle Fighter)               Turns: 18488, Time: 01:03:53

Health: 0/107      AC: 14    Str: 26    XL:     14   Next: 67%
Magic:  20/20      EV:  8    Int: 16    God:    Nemelex Xobeh [******]
Gold:   715        SH: 11    Dex: 12    Spells: 0 memorised, 13 levels left

rFire  + + +     SeeInvis .     p - +5 whip (elec)
rCold  . . .     Gourm    .     B - +1 leather armour "Toilefab" {Dex+3}
rNeg   + . .     Faith    .     c - +1 shield
rPois  ∞         Spirit   .     r - +0 helmet
rElec  +         Reflect  .     O - +0 cloak of the Hidden Vale {*Corrode +Fly rF+++ Str+4} (curse)
rCorr  .         Harm     +     A - +0 pair of gloves
MR     +++..     Clarity  +     Y - +2 pair of boots
Stlth  ++........               T - amulet of Gajips {Harm *Drain Str-5 Int+6 Stlth+}
                                l - ring of protection from magic
                                Z - +3 ring of strength

@: corroded, flying
A: big wings, hooves 1, clarity, low mp 1, magic resistance 1, negative energy
resistance 1, robust 1, electricity resistance, wild magic 2, unbreathing,
petrification resistance, rot immunity, AC +9
a: Stop Flying, Triple Draw, Deal Four, Stack Five, Renounce Religion


You were on level 6 of the Lair of Beasts.
You worshipped Nemelex Xobeh.
Nemelex Xobeh was exalted by your worship.
You were not hungry.

You visited 3 branches of the dungeon, and saw 22 of its levels.
You also visited: Labyrinth.

You collected 907 gold pieces.
You spent 192 gold pieces at shops.

Inventory:

Hand Weapons
 p - a +5 whip of electrocution (weapon)
Armour
 c - a +1 shield (worn)
 r - a +0 helmet (worn)
 A - a +0 pair of gloves (worn)
 B - the +1 leather armour "Toilefab" (worn) {Dex+3}
   (You found it on level 4 of the Dungeon)

   It affects your dexterity (+3).
 O - the cursed +0 cloak of the Hidden Vale (worn) {*Corrode +Fly rF+++ Str+4}
   (You found it on level 5 of the Lair of Beasts)

   It affects your strength (+4).
   It renders you almost immune to fire.
   It lets you fly.
   It may corrode you when you take damage.
   It has a curse placed upon it.
 Y - a +2 pair of boots (worn)
Rods
 F - a +0 rod of ignition (14/14)
   (You found it on level 5 of the Lair of Beasts)
Jewellery
 l - a ring of protection from magic (right hand)
 K - an uncursed amulet of regeneration
 T - the amulet of Gajips (around neck) {Harm *Drain Str-5 Int+6 Stlth+}
   (You found it on level 3 of the Lair of Beasts)

   [amulet of harm]

   It increases damage dealt and taken.
   It affects your strength (-5).
   It affects your intelligence (+6).
   It causes draining when unequipped.
   It makes you more stealthy.
 Z - a +3 ring of strength (left hand)
Wands
 P - a wand of disintegration (16/24)
Scrolls
 a - 2 scrolls of identify
 b - 4 scrolls of recharging
 d - 2 scrolls of amnesia
 q - 2 scrolls of fear
 t - a scroll of blinking
 w - 2 scrolls of enchant armour
 E - 8 scrolls of remove curse
 G - 10 scrolls of teleportation
 R - a scroll of fog
 U - a scroll of magic mapping
Potions
 h - 3 potions of agility
 v - a potion of invisibility
 x - 3 potions of cure mutation
 z - a potion of heal wounds
 C - 5 potions of curing
 D - 3 potions of might
 L - a potion of haste
 M - a potion of ambrosia
 Q - 3 potions of resistance
 V - a potion of brilliance
Miscellaneous
 e - a sack of spiders
 j - a legendary deck of destruction {drawn: 7}
 m - an ornate deck of destruction {drawn: 2}
 n - a legendary deck of escape {drawn: 4}
 o - a legendary deck of destruction {drawn: 8}
 s - a legendary deck of escape
 u - a phial of floods (inert)
 y - an ornate deck of summoning {drawn: 2}
 H - an ornate deck of destruction
 I - an ornate deck of destruction
 J - a legendary deck of escape {drawn: 2}
 N - a plain deck of destruction {drawn: 1}
 S - an ornate deck of summoning {drawn: 5}
 X - a plain deck of summoning {drawn: 3}
Comestibles
 f - 12 bread rations
 g - 12 meat rations
 i - 4 slices of pizza
 k - 7 beef jerkies


   Skills:
 + Level 15.4 Fighting
 - Level 13.3 Maces & Flails
 + Level 9.9 Armour
 - Level 3.5 Shields
 + Level 12.3 Evocations


You had 13 spell levels left.
You didn't know any spells.

Dungeon Overview and Level Annotations

Branches:
Dungeon (15/15)            Temple (1/1) D:5            Lair (6/6) D:9
 Shoals (0/4) Lair:2        Snake (0/4) Lair:3          Orc (0/2) D:9
 Vaults (0/5) D:14         Depths (0/5) D:15
  Slime: Lair:5-6

Altars:
Ashenzari
Dithmenos
Elyvilon
Fedhas
Gozag
Hepliaklqana
Kikubaaqudgha
Makhleb
Nemelex Xobeh
Okawaru
Qazlal
Ru
Sif Muna
Trog
Uskayaw
Vehumet
Xom
Yredelemnul
The Shining One

Shops:
D:6 [   D:7 }   D:15 *

Portals:
Trove: D:15 (give 18 scrolls of teleportation)


Innate Abilities, Weirdness & Mutations

You are resistant to torment.
Your stone body is resilient. (AC +9)
You are immune to poison.
Your large and strong wings let you fly indefinitely.
You resist negative energy. (rN+)
You are resistant to electric shocks. (rElec)
You can survive without breathing.
You are immune to petrification.
You are immune to rotting.
You have large cloven feet.
You possess an exceptional clarity of mind.
Your magical capacity is low. (-10% MP)
You are resistant to hostile enchantments. (MR+)
You are robust. (+10% HP)
Your spells are harder to cast, but more powerful.


Message History

The entropy weaver hits you!
* * * LOW HITPOINT WARNING * * *
The entropy weaver hits you!
* * * LOW HITPOINT WARNING * * *
The vampire mosquito bites you.
* * * LOW HITPOINT WARNING * * *
A spiny frog comes into view.
You are too injured to fight recklessly!
You feel much better.
The vampire mosquito bites you but does no damage.
The bullfrog hits you.
* * * LOW HITPOINT WARNING * * *
The worker ant barely misses you. The entropy weaver hits you.
* * * LOW HITPOINT WARNING * * *
You block the entropy weaver's attack. The entropy weaver hits you!
* * * LOW HITPOINT WARNING * * *
The entropy weaver hits you but does no damage.
The vampire mosquito bites you!
You die...
Your body glows with a rainbow of weird colours and disappears.

##.. #... #....
#.... .. #....#
####.#
#....#####..#..#
#.....<†........
#.....@y....(...
#....aaF†.......
#...$.†.....##
#......F..###
#.........≈..≈≈≈
#...........;≈≈≈
#..........≈≈≈P≈
#.......≈≈..F≈≈≈
#........≈≈≈≈≈≈≈


You could see an entropy weaver, 2 spiny frogs, a vampire mosquito, a bullfrog,
a worker ant and an electric eel.

Vanquished Creatures
  A fire dragon (Lair:5)
  A vault guard (D:14)
  5 hydras
  An anaconda (Lair:5)
  A death knight (D:15)
  A centaur warrior (D:15)
  A tengu warrior (D:14)
  A slime creature (D:13)
  A death drake (Lair:6)
  Pikel (D:4)
  5 hill giants
  A wolf spider (Lair:6)
  4 ugly things
  A deep elf mage (D:15)
  A manticore (D:14)
  4 cyclopes
  2 elephants (Lair:5)
  2 black mambas
  10 spiny frogs
  The ghost of Paps the Chopper, a novice DsFi (D:5)
  A rime drake (Lair:5)
  A freezing wraith (D:15)
  5 komodo dragons
  3 polar bears (Lair:1)
  A tengu conjurer (D:14)
  3 trolls
  Grinder (D:6)
  A two-headed ogre (D:8)
  A hornet (D:8)
  Prince Ribbit (D:5)
  5 blink frogs (Lair:3)
  A snapping turtle (Lair:2)
  A meliai zombie (D:13)
  5 hippogriffs
  A shadow (D:11)
  3 wyverns
  A vampire (D:15)
  25 yaks
  A wraith (D:15)
  Eustachio (D:4)
  3 basilisks
  A hungry ghost (D:7)
  7 vampire mosquitoes
  A soldier ant (D:10)
  6 water moccasins
  13 porcupines
  5 black bears
  A necrophage (D:6)
  4 ice beasts
  A hornet zombie (D:9)
  9 orc warriors
  3 phantoms
  A wolf (Lair:2)
  3 ogres
  A boggart (Lair:5)
  8 crocodiles
  18 centaurs
  3 big kobolds
  14 bullfrogs
  3 scorpions
  A water moccasin skeleton (D:9)
  4 killer bees
  8 wights
  A howler monkey (D:6)
  4 electric eels
  4 centaur zombies
  5 crimson imps
  A bullfrog zombie (D:13)
  2 quasits
  5 hounds
  6 orc priests
  3 centaur skeletons
  6 jellies
  10 orc wizards
  Crazy Yiuf (D:4)
  A bullfrog skeleton (D:10)
  Terence (D:2)
  4 iguanas
  3 hell rats (Lair:5)
  15 worker ants
  2 hound zombies
  The ghost of dscm the Sneak, a weakling OpEE (D:4)
  2 hound skeletons
  5 gnolls
  2 howler monkey skeletons (D:6)
  21 adders
  2 shadow imps
  3 oozes
  2 adder zombies
  5 worms
  2 dart slugs
  3 leopard geckos
  62 orcs
  4 bat zombies (D:2)
  5 giant cockroaches
  6 goblins
  12 hobgoblins
  14 jackals
  8 quokkas
  3 ball pythons
  5 bats
  7 frilled lizards
  A jackal skeleton (D:5)
  7 kobolds
  A leopard gecko skeleton (D:8)
  2 quokka skeletons (D:5)
  7 rats
491 creatures vanquished.

Vanquished Creatures (collateral kills)
  Frances (D:12)
  A fire giant (D:15)
  Snorg (D:13)
  A minotaur (Lab)
  7 vault guards (D:14)
  Erolcha (D:13)
  Urug (D:14)
  A skeletal warrior (D:15)
  An unseen horror (D:13)
  A manticore (D:14)
  A wolf spider (Lair:6)
  4 elephants (Lair:5)
  Psyche (D:8)
  A centaur zombie (D:15)
  A komodo dragon (Lair:5)
  A freezing wraith (D:15)
  A troll (D:9)
  4 yaks (Lair:5)
  Grum (D:8)
  A hungry ghost (D:15)
  2 wargs (D:9)
  A swamp drake (Lair:6)
  3 orc warriors
  A necrophage (D:8)
  An ogre (D:9)
  4 wolves (D:8)
  3 big kobolds (D:9)
  A bullfrog (Lair:5)
  4 gnoll sergeants (D:9)
  An orc priest (D:15)
  2 orc wizards
  A worker ant (D:8)
  3 gnolls (D:9)
  An adder skeleton (D:9)
  8 orcs
  A leopard gecko skeleton (D:8)
69 creatures vanquished.

Vanquished Creatures (others)
  An obsidian statue (Lair:3)
  A slime creature (Lair:6)
  A spriggan (Lair:6)
  A soldier ant (Lair:6)
  A slave (D:4)
  A howler monkey (Lair:6)
  6 gnolls (D:7)
  An adder (D:7)
  A howler monkey skeleton (D:4)
  A worm (Lair:6)
  A quokka (D:7)
  4 fungi (Lair:5)
  7 plants
27 creatures vanquished.

Grand Total: 587 creatures vanquished

Notes
Turn   | Place    | Note
-------+----------+-------------------------------------------
     0 | D:1      | theAP the Gargoyle Fighter began the quest for the Orb.
     0 | D:1      | Reached XP level 1. HP: 14/14 MP: 1/1
   179 | D:1      | Reached XP level 2. HP: 14/19 MP: 2/2
   555 | D:1      | Reached XP level 3. HP: 17/23 MP: 3/3
  1042 | D:2      | Noticed Terence
  1062 | D:2      | Killed Terence
  1062 | D:2      | Reached skill level 4 in Fighting
  1062 | D:2      | Reached XP level 4. HP: 8/29 MP: 4/4
  1271 | D:2      | Found an ancient bone altar of Kikubaaqudgha.
  1778 | D:2      | Found a bloodstained altar of Trog.
  1823 | D:2      | Reached XP level 5. HP: 24/33 MP: 5/5
  2699 | D:3      | Gained mutation: You are weak. (Str -2) [potion of mutation]
  2699 | D:3      | Gained mutation: You have a pair of small antennae on your head. [potion of mutation]
  2699 | D:3      | Gained mutation: You have large cloven feet. [potion of mutation]
  2905 | D:4      | Noticed Pikel
  2905 | D:4      | Noticed a slave
  2905 | D:4      | Noticed a slave
  2905 | D:4      | Noticed a slave
  2906 | D:4      | Noticed a slave
  2909 | D:4      | Noticed an ogre
  2946 | D:4      | Killed Pikel
  2946 | D:4      | Reached skill level 5 in Fighting
  2946 | D:4      | Reached XP level 6. HP: 19/41 MP: 6/6
  2946 | D:4      | Reached XP level 7. HP: 21/45 MP: 7/7
  3042 | D:4      | Noticed dscm's ghost (weakling OpEE)
  3047 | D:4      | Killed dscm's ghost
  3057 | D:4      | Reached skill level 6 in Fighting
  3065 | D:4      | Reached XP level 8. HP: 35/51 MP: 8/8
  3092 | D:4      | You fall through a shaft for 3 floors!
  3117 | D:6      | Noticed Grinder
  3124 | D:6      | Found Nuotuthe's Armour Shoppe.
  3124 | D:6      | Paralysed by Grinder for 5 turns
  3131 | D:6      | Killed Grinder
  3182 | D:5      | Entered Level 5 of the Dungeon
  3182 | D:5      | Noticed Prince Ribbit
  3188 | D:5      | Killed Prince Ribbit
  3188 | D:5      | Reached skill level 7 in Fighting
  3307 | D:5      | Found a staircase to the Ecumenical Temple.
  3361 | Temple   | Entered the Ecumenical Temple
  3362 | Temple   | Lost mutation: You have a pair of small antennae on your head. [potion of cure mutation]
  3362 | Temple   | Lost mutation: You are weak. (Str -2) [potion of cure mutation]
  3362 | Temple   | Lost mutation: You have large cloven feet. [potion of cure mutation]
  3403 | Temple   | Became a worshipper of Nemelex Xobeh the Trickster
  3439 | D:5      | Reached skill level 1 in Evocations
  3554 | D:4      | Noticed Eustachio
  3571 | D:4      | Reached XP level 9. HP: 45/58 MP: 8/10
  3597 | D:4      | Killed Eustachio
  3609 | D:4      | Got a bronze leather armour
  3620 | D:4      | Identified the +1 leather armour "Toilefab" {Dex+3} (You found it on level 4 of the Dungeon)
  3812 | D:4      | Found a runed door.
  3814 | D:4      | Gained mutation: Your spells are a little harder to cast, but a little more powerful. [potion of beneficial mutation]
  3815 | D:4      | Gained mutation: You are resistant to hostile enchantments. (MR+) [potion of beneficial mutation]
  3819 | D:4      | Noticed Crazy Yiuf
  3821 | D:4      | Killed Crazy Yiuf
  3985 | D:4      | Found a glowing golden altar of the Shining One.
  3985 | D:4      | Found a faded altar of an unknown god.
  3990 | D:4      | Found a faded altar of an unknown god.
  3992 | D:4      | Found a hazy altar of Hepliaklqana.
  3993 | D:4      | Found a faded altar of an unknown god.
  4125 | D:5      | Noticed Paps's ghost (novice DsFi)
  4132 | D:5      | Killed Paps's ghost
  4132 | D:5      | Reached skill level 8 in Fighting
  4274 | D:6      | Received a gift from Nemelex Xobeh
  4626 | D:6      | Reached * piety under Nemelex Xobeh
  4626 | D:6      | Received a gift from Nemelex Xobeh
  5134 | D:7      | Found Ybull's Gadget Shop.
  5233 | D:7      | Reached skill level 9 in Fighting
  5274 | D:7      | Reached skill level 10 in Maces & Flails
  5331 | D:7      | Noticed a five-headed hydra
  5345 | D:7      | Killed a five-headed hydra
  5345 | D:7      | Reached XP level 10. HP: 10/66 MP: 11/13
  5795 | D:8      | Reached skill level 5 in Evocations
  5947 | D:8      | Received a gift from Nemelex Xobeh
  5978 | D:8      | Reached skill level 10 in Fighting
  6015 | D:8      | Reached ** piety under Nemelex Xobeh
  6031 | D:8      | Noticed Psyche
  6036 | D:8      | Killed Psyche
  6068 | D:8      | Received a gift from Nemelex Xobeh
  6182 | D:8      | Noticed Grum
  6216 | D:8      | Killed Grum
  6225 | D:8      | Received a gift from Nemelex Xobeh
  6563 | D:9      | Found a shimmering altar of Xom.
  6711 | D:9      | Found a staircase to the Lair.
  6938 | D:9      | Found a staircase to the Orcish Mines.
  7075 | D:9      | Reached XP level 11. HP: 21/73 MP: 15/15
  7519 | D:9      | Found a blossoming altar of Fedhas.
  7643 | D:10     | Entered Level 10 of the Dungeon
  7657 | D:10     | Noticed a hill giant
  7668 | D:10     | Killed a hill giant
  7754 | D:10     | Noticed a cyclops
  7760 | D:10     | Killed a cyclops
  7760 | D:10     | Reached skill level 11 in Fighting
  7766 | D:10     | Reached *** piety under Nemelex Xobeh
  7766 | D:10     | Received a gift from Nemelex Xobeh
  8545 | D:11     | Received a gift from Nemelex Xobeh
  8555 | D:11     | Noticed a hill giant
  8565 | D:11     | Killed a hill giant
  8825 | D:11     | Noticed a white ugly thing
  8826 | D:11     | Noticed a green ugly thing
  8839 | D:11     | Killed a brown ugly thing
  8852 | D:11     | Killed a green ugly thing
  8867 | D:11     | Noticed a four-headed hydra
  8885 | D:11     | Killed a four-headed hydra
  8885 | D:11     | Reached skill level 12 in Fighting
  8949 | D:11     | Lost mutation: Your spells are a little harder to cast, but a little more powerful. [potion of mutation]
  8949 | D:11     | Gained mutation: Your large and strong wings let you fly indefinitely. [potion of mutation]
  8949 | D:11     | Gained mutation: You have large cloven feet. [potion of mutation]
  9042 | D:11     | Reached XP level 12. HP: 81/81 MP: 18/18
  9256 | D:12     | Received a gift from Nemelex Xobeh
  9345 | D:12     | Reached **** piety under Nemelex Xobeh
  9345 | D:12     | Noticed Frances
  9356 | D:12     | Killed Frances
  9835 | D:13     | Received a gift from Nemelex Xobeh
 10072 | D:13     | Noticed Snorg
 10091 | D:13     | Killed Snorg
 10286 | D:13     | Received a gift from Nemelex Xobeh
 10475 | D:13     | Noticed a four-headed hydra
 10487 | D:13     | Killed a four-headed hydra
 10567 | D:13     | HP: 4/82 [very large slime creature (57)]
 10677 | D:13     | Noticed Erolcha
 10684 | D:13     | Killed Erolcha
 10684 | D:13     | Reached skill level 13 in Fighting
 10700 | D:13     | Gained mutation: You are highly resistant to hostile enchantments. (MR++) [potion of mutation]
 10700 | D:13     | Gained mutation: Your magical capacity is low. (-10% MP) [potion of mutation]
 10700 | D:13     | Gained mutation: Your spells are a little harder to cast, but a little more powerful. [potion of mutation]
 11009 | D:14     | Noticed Urug
 11026 | D:14     | Killed Urug
 11137 | D:14     | Noticed a vault guard
 11137 | D:14     | Noticed a vault guard
 11137 | D:14     | Noticed a vault guard
 11138 | D:14     | Noticed a vault guard
 11139 | D:14     | Noticed a vault guard
 11140 | D:14     | Noticed a vault guard
 11146 | D:14     | Noticed a vault guard
 11150 | D:14     | Killed a vault guard
 11152 | D:14     | Noticed a vault guard
 11163 | D:14     | Killed a vault guard
 11163 | D:14     | Reached skill level 10 in Evocations
 11170 | D:14     | Killed a vault guard
 11182 | D:14     | Killed a vault guard
 11182 | D:14     | Reached XP level 13. HP: 88/88 MP: 18/18
 11205 | D:14     | Killed a vault guard
 11214 | D:14     | Killed a vault guard
 11222 | D:14     | Killed a vault guard
 11232 | D:14     | Killed a vault guard
 11232 | D:14     | Reached skill level 5 in Armour
 11243 | D:14     | Found a gate to the Vaults.
 11357 | D:14     | Reached ***** piety under Nemelex Xobeh
 11357 | D:14     | Received a gift from Nemelex Xobeh
 11684 | D:15     | Entered Level 15 of the Dungeon
 11698 | D:15     | Found a labyrinth entrance.
 11707 | Lab      | Entered a labyrinth
 12069 | Lab      | Noticed a minotaur
 12083 | Lab      | Killed a minotaur
 12142 | D:15     | Received a gift from Nemelex Xobeh
 12426 | D:15     | Received a gift from Nemelex Xobeh
 12435 | D:15     | Reached skill level 14 in Fighting
 12488 | D:15     | Found a staircase to the Depths.
 12490 | D:15     | Noticed a fire giant
 12636 | D:15     | Killed a fire giant
 12828 | D:15     | Found Cihasets's Assorted Antiques.
 12851 | D:15     | Bought a scroll of teleportation for 72 gold pieces
 12851 | D:15     | Bought 2 potions of mutation for 120 gold pieces
 12851 | D:15     | Gained mutation: You possess an exceptional clarity of mind. [potion of mutation]
 12852 | D:15     | Gained mutation: You are robust. (+10% HP) [potion of mutation]
 12852 | D:15     | Gained mutation: Your spells are harder to cast, but more powerful. [potion of mutation]
 12852 | D:15     | Lost mutation: You are highly resistant to hostile enchantments. (MR++) [potion of mutation]
 13005 | D:15     | Received a gift from Nemelex Xobeh
 13211 | D:15     | Found a portal to a secret trove of treasure.
 13428 | Lair:1   | Entered Level 1 of the Lair of Beasts
 13834 | Lair:1   | Received a gift from Nemelex Xobeh
 14071 | Lair:1   | Received a gift from Nemelex Xobeh
 14334 | Lair:2   | Received a gift from Nemelex Xobeh
 14391 | Lair:2   | Reached ****** piety under Nemelex Xobeh
 14476 | Lair:2   | Found a radiant altar of Vehumet.
 14724 | Lair:2   | Found a staircase to the Shoals.
 14779 | Lair:2   | Received a gift from Nemelex Xobeh
 14779 | Lair:2   | Received a gift from Nemelex Xobeh
 15209 | Lair:3   | Mutation became permanent: Your large and strong wings let you fly indefinitely. [Gargoyle growth]
 15209 | Lair:3   | Reached XP level 14. HP: 71/105 MP: 20/20
 15304 | Lair:3   | Found a staircase to the Snake Pit.
 15325 | Lair:3   | Got a warped jade ring
 15327 | Lair:3   | Identified the ring "Uhomnor" {+Fly SInv} (You found it on level 3 of the Lair of Beasts)
 15766 | Lair:3   | Got a clouded brass amulet
 15771 | Lair:3   | Identified the amulet of Gajips {Harm *Drain Str-5 Int+6 Stlth+} (You found it on level 3 of the Lair of Beasts)
 16159 | Lair:4   | Received a gift from Nemelex Xobeh
 16831 | Lair:5   | Received a gift from Nemelex Xobeh
 16854 | Lair:5   | Got a warped cloak
 16865 | Lair:5   | Identified the cursed +0 cloak of the Hidden Vale {*Corrode +Fly rF+++ Str+4} (You found it on level 5 of the Lair of Beasts)
 17035 | Lair:5   | Reached skill level 15 in Fighting
 17495 | Lair:5   | Received a gift from Nemelex Xobeh
 17495 | Lair:5   | Received a gift from Nemelex Xobeh
 17507 | Lair:5   | Identified a +0 rod of ignition (14/14) (You found it on level 5 of the Lair of Beasts)
 18238 | Lair:6   | Entered Level 6 of the Lair of Beasts
 18472 | Lair:6   | Noticed an entropy weaver
 18488 | Lair:6   | Slain by a vampire mosquito

Skill      XL: |  1  2  3  4  5  6  7  8  9 10 11 12 13 14 |
---------------+-------------------------------------------+-----
Maces & Flails | 3 4 6 7 9 10 11 12 13 | 13.3
Fighting       | 4 5 6 7 9 10 12 13 14 15 | 15.4
Evocations     | 1 4 6 8 10 11 12 | 12.3
Armour         | 4 7 9 |  9.9
Shields        | |  3.5

Action                   |  1- 3 |  4- 6 |  7- 9 | 10-12 | 13-15 || total
-------------------------+-------+-------+-------+-------+-------++-------
Melee: Flail             |   147 |   239 |     4 |       |       ||   390
       Kick              |       |    12 |    29 |       |       ||    41
       Whip              |       |       |   319 |   736 |   761 ||  1816
 Abil: Fly               |       |       |       |       |     1 ||     1
Evoke: Deck              |       |       |       |    51 |    62 ||   113
       Wand              |       |       |       |       |     3 ||     3
       Phial of floods   |       |       |       |       |     1 ||     1
       Sack of spiders   |       |       |       |       |     1 ||     1
  Use: Scroll            |       |     9 |     7 |    12 |    10 ||    38
       Potion            |       |     1 |     7 |     2 |     6 ||    16
 Stab: Sleeping          |       |       |       |     1 |     4 ||     5
       Distracted        |       |       |       |       |     2 ||     2
  Eat: Chunk             |       |     7 |    10 |     6 |     4 ||    27
       Fruit             |       |       |       |    20 |    15 ||    35
       Royal jelly       |       |       |       |       |     3 ||     3
       Beef jerky        |       |       |       |       |     1 ||     1
Armor: Scale mail        |   139 |   166 |       |       |       ||   305
       Plate armour      |       |    63 |   108 |       |       ||   171
       Leather armour    |       |       |    65 |   268 |   323 ||   656
Dodge: Dodged            |    90 |    96 |    66 |   165 |   166 ||   583
Block: Shield            |   126 |   160 |   165 |   295 |   338 ||  1084
